Map: Acid Plant LE

Players

SewerMermaid - Winner!

  • Race: Protoss Protoss
  • League: Diamond
  • Spawn Location: 11:00

RONE

  • Race: Terran Terran
  • League: Master
  • Spawn Location: 5:00

VOD

Have the link to the VOD?

Description

Time

  • Played on: Sept. 6, 2018, 10:19 p.m.
  • Length: 19:36
Show
View Real Time Build Order
Export as new Build Order

SewerMermaid Protoss - Winner!

Build Orders: Cannon Rush 

Get SALT Encoding   

  12  0:01  Probe  
  13  0:13  Probe  
  14  0:25  Probe  
  14  0:26  Pylon  
  15  0:44  Probe  
  15  0:46  Forge  
  16  0:56  Probe  
  17  1:08  Probe  
  18  1:16  Assimilator  
  18  1:20  Probe  
  18  1:25  Pylon  
  19  1:32  Probe  
  20  1:33  Pylon  
  20  1:44  Photon Cannon  
  20  1:47  Photon Cannon  
  20  1:49  Gateway  
  20  1:59  Photon Cannon  
  19  2:13  Probe  
  19  2:17  Assimilator  
  19  2:21  Gateway  
  19  2:25  Probe  
  20  2:33  Zealot  
  20  2:37  Probe  
  23  2:44  Assimilator  
  23  2:45  Probe  
  24  2:54  Probe  
  24  2:55  Pylon  
  25  3:14  Pylon, Photon Cannon  
  25  3:21  Probe  
  25  3:26  Cybernetics Core  
  26  3:39  Probe  
  27  3:45  Nexus  
  27  4:07  Stalker  
  27  4:13  Stargate  
  27  4:14  Stalker  
  29  4:26  Pylon  
  29  4:28  Stalker  
  31  4:44  Stalker  
  33  4:51  Pylon  
  33  4:57  Fleet Beacon  
  33  5:08  Assimilator  
  33  5:10  Probe  
  33  5:11  Probe, Assimilator  
  35  5:22  Probe  
  35  5:23  Probe  
  37  5:33  Tempest  
  37  5:35  Probe  
  38  5:47  Probe  
  45  5:50  Shield Battery  
  45  5:57  Stalker  
  45  5:59  Probe  
  48  6:10  Tempest  
  48  6:11  Probe  
  55  6:18  Pylon  
  55  6:23  Probe  
  56  6:27  Photon Cannon  
  56  6:29  Shield Battery  
  56  6:35  Probe  
  57  6:41  Tempest  
  57  6:42  Probe  
  57  6:43  Pylon  
  58  6:48  Probe  
  65  7:05  Probe  
  65  7:06  Pylon  
  65  7:07  Probe  
  67  7:15  Pylon  
  67  7:17  Probe  
  67  7:21  Tempest  
  68  7:23  Robotics Facility  
  74  7:39  Pylon  
  74  7:49  Stalker  
  76  7:56  Pylon  
  76  7:57  Probe  
  77  7:58  Pylon  
  77  8:05  Twilight Council  
  77  8:10  Probe  
  77  8:11  Robotics Bay  
  78  8:14  Observer  
  74  8:48  Colossus  
  74  8:49  Pylon  
  74  8:53  Nexus  
  80  9:10  Extended Thermal Lance  
  80  9:17  Probe  
  80  9:21  Assimilator  
  81  9:24  Assimilator  
  81  9:28  Pylon  
  81  9:29  Probe  
  82  9:39  Warp Gate, Templar Archives  
  82  9:41  Colossus  
  82  9:44  Gateway  
  88  9:47  Gateway  
  88  9:49  Gateway  
  88  10:26  Probe  
  89  10:35  Colossus  
  89  10:37  High Templar x3  
  89  10:38  Probe  
  102  10:50  Probe  
  103  11:02  Probe  
  103  11:03  Stalker  
  98  11:16  Stalker  
  95  11:56  Psionic Storm  
  95  12:02  Nexus  
  95  12:15  Pylon x2  
  95  12:18  Assimilator  
  95  12:21  Pylon  
  95  12:22  Assimilator  
  95  12:27  Pylon  
  95  12:33  Probe x2, Adept x3  
  105  12:44  Gateway  
  105  12:45  Probe x2  
  105  12:48  Gateway  
  105  12:50  Gateway  
  107  12:54  Colossus  
  107  12:58  Probe  
  116  13:10  Probe  
  117  13:18  High Templar x2  
  117  13:22  Probe  
  117  13:23  High Templar x2  
  117  13:25  Probe  
  124  13:34  Probe  
  124  13:37  Probe  
  125  13:46  Probe  
  126  13:50  Pylon  
  126  13:51  High Templar x2  
  126  13:52  Pylon  
  136  13:56  Nexus  
  136  13:58  Probe, Pylon  
  136  14:00  Stalker x3  
  136  14:01  Stalker x2  
  141  14:19  Fleet Beacon  
  135  14:24  Pylon  
  135  14:25  Stalker x5  
  145  14:36  Photon Cannon  
  145  14:40  Colossus  
  151  14:52  Stalker x2  
  145  15:29  Archon  
  145  15:30  Archon x2  
  110  15:45  Tempest  
  104  15:53  Colossus  
  104  15:55  High Templar x4  
  122  16:18  Tempest, Stargate  
  122  16:26  Probe  
  122  16:28  Assimilator  
  122  16:32  Assimilator  
  129  16:33  Probe  
  129  16:38  Probe  
  131  16:45  Probe  
  132  16:48  High Templar x2  
  132  16:49  Stalker, High Templar  
  132  16:50  Probe, Stalker x3  
  147  16:55  Probe  
  147  16:57  Probe  
  149  17:02  Probe  
  149  17:07  Probe  
  151  17:18  Tempest  
  151  17:19  Colossus  
  151  17:21  Stalker x3  
  151  17:22  Stalker  
  169  17:38  Photon Cannon  
  169  17:40  Photon Cannon  
  169  17:42  Photon Cannon  
  169  17:44  Pylon  
Show
View Real Time Build Order
Export as new Build Order

RONE Terran 

Build Orders: MMM Bio 

Get SALT Encoding   

  12  0:00  SCV  
  13  0:13  SCV  
  14  0:17  Supply Depot  
  14  0:25  SCV  
  15  0:39  SCV  
  15  0:40  Barracks  
  16  0:45  Refinery  
  16  0:51  SCV  
  17  1:03  SCV  
  18  1:15  SCV  
  19  1:29  Orbital Command  
  19  1:30  Reaper  
  20  1:50  Bunker  
  20  1:51  Barracks  
  20  2:02  Marine  
  20  2:07  Factory  
  21  2:14  SCV  
  22  2:17  Supply Depot  
  22  2:20  Marine  
  22  2:26  SCV  
  21  2:39  SCV, Marine  
  23  2:45  Bunker  
  23  2:51  Factory Tech Lab, Supply Depot  
  23  2:58  Supply Depot  
  23  3:00  Marine  
  23  3:01  Barracks  
  21  3:13  Siege Tank  
  24  3:20  Bunker  
  24  3:26  Marine  
  25  3:28  SCV  
  26  3:41  SCV  
  27  3:48  Marine  
  27  3:53  SCV  
  29  4:01  Marine  
  30  4:03  Stimpack  
  30  4:10  Marine  
  30  4:15  SCV  
  31  4:20  Supply Depot  
  31  4:21  Marine  
  32  4:25  Refinery  
  32  4:28  Marine  
  33  4:34  SCV  
  34  4:39  Command Center  
  34  4:43  Factory Reactor  
  34  4:47  Barracks  
  34  4:48  Marine  
  36  4:52  SCV  
  36  4:55  Barracks Reactor  
  36  5:04  Bunker  
  38  5:07  Marauder  
  38  5:08  SCV  
  39  5:39  Starport  
  39  5:41  SCV  
  40  5:43  Engineering Bay  
  40  5:45  Supply Depot, Marine  
  40  5:46  Factory Reactor, Marine x4  
  45  6:03  Marine x3  
  48  6:05  Combat Shields  
  48  6:10  Marine x2  
  50  6:12  SCV  
  51  6:21  Marine  
  51  6:25  SCV, Orbital Command  
  53  6:29  Terran Infantry Weapons Level 1  
  53  6:32  Missile Turret  
  53  6:33  Marine  
  53  6:34  Missile Turret, Marine  
  53  6:35  Marauder  
  57  6:43  Medivac x2  
  61  6:50  SCV  
  62  6:54  SCV  
  62  6:56  Factory Reactor, Marine x2  
  62  6:57  Marine  
  66  7:02  SCV  
  66  7:06  SCV  
  66  7:07  Supply Depot  
  68  7:10  Supply Depot  
  68  7:13  Refinery  
  68  7:14  SCV  
  69  7:16  Marine  
  69  7:22  SCV, Marine x2  
  73  7:24  Concussive Shells  
  73  7:26  SCV  
  73  7:28  Marine x2  
  76  7:34  SCV, Marine  
  76  7:35  Bunker  
  78  7:37  Medivac  
  78  7:38  Medivac  
  78  7:41  SCV  
  83  7:47  Supply Depot  
  83  7:48  Marine  
  83  7:49  Supply Depot  
  83  7:50  Marine  
  85  7:54  Marine x2  
  85  7:57  SCV  
  85  7:58  Marine  
  88  8:02  SCV  
  90  8:09  SCV  
  90  8:12  Supply Depot  
  91  8:13  Marine x2  
  91  8:14  Marine x2  
  91  8:16  Marine  
  96  8:23  Terran Infantry Armor Level 1  
  87  8:39  Marine x5  
  87  8:40  Widow Mine  
  83  8:50  Medivac  
  83  8:51  Medivac  
  87  8:57  SCV x2, Marine x5  
  87  8:59  Starport  
  94  9:07  Widow Mine x2  
  98  9:14  Marine  
  98  9:15  Marine  
  98  9:16  Refinery  
  100  9:17  SCV, Supply Depot  
  100  9:18  Supply Depot  
  100  9:19  Command Center  
  100  9:20  Marine x2  
  104  9:31  SCV  
  104  9:42  Marine, Armory  
  104  9:43  Marine x4  
  109  9:51  Barracks  
  109  9:52  Barracks  
  109  10:00  Marine  
  109  10:01  Marine x4  
  109  10:06  SCV x2  
  116  10:11  Medivac x3  
  122  10:18  Supply Depot, Marine x2  
  124  10:31  Engineering Bay  
  124  10:32  Orbital Command  
  124  10:33  Missile Turret  
  124  10:37  Marine  
  124  10:38  Marine x3  
  124  10:39  Barracks Tech Lab  
  117  11:02  Marine x5  
  117  11:03  Viking x2  
  115  11:15  Marine  
  115  11:16  Marine  
  115  11:19  Marine x2  
  115  11:20  Marine  
  118  11:34  Marauder  
  118  11:41  Terran Infantry Weapons Level 2  
  104  11:48  Command Center  
  93  12:02  Viking x4  
  99  12:17  Marine  
  99  12:18  Marine x5  
  105  12:27  Ghost Academy  
  105  12:30  Barracks Tech Lab  
  105  12:35  Marine  
  106  12:44  Viking x2  
  110  12:51  Viking  
  112  13:01  Orbital Command  
  112  13:03  Viking  
  114  13:12  Missile Turret  
  114  13:13  Missile Turret  
  114  13:14  Missile Turret, Terran Ship Weapons Level 1  
  114  13:20  Terran Infantry Armor Level 2  
  114  13:24  Viking  
  116  13:28  Viking  
  116  13:29  Marine x2  
  116  13:30  Marine  
  116  13:33  SCV x2  
  123  13:39  Ghost x2  
  127  13:50  Marine  
  127  13:51  Marine x4  
  127  13:54  SCV  
  127  13:55  SCV  
  134  13:57  SCV  
  135  14:06  Supply Depot x2  
  135  14:08  Marine x3  
  135  14:09  Viking, Marine x3  
  143  14:13  Viking  
  145  14:19  SCV x3  
  147  14:31  SCV, Command Center  
  148  14:38  Ghost x2  
  150  14:44  Viking  
  154  14:51  Viking x2  
  158  14:53  Marine  
  158  14:54  Marine  
  104  15:31  Marine x7  
  56  15:48  Marine  
  56  15:49  Marine x3  
  57  15:50  Marauder x3  
  57  15:55  Medivac x2  
  57  15:56  Medivac x2  
  63  16:06  Marine  
  63  16:07  Marine x3  
  63  16:11  Planetary Fortress, Marauder x2, Marine  
  72  16:13  Missile Turret  
  72  16:24  Marine  
  72  16:25  Marine x3  
  76  16:29  Medivac x2, Marauder  
  76  16:32  Marauder, Marine  
  85  16:42  Marine x2  
  85  16:44  Marine x2  
  89  16:50  Marauder, Marine  
  89  16:53  Marine  
  93  16:59  SCV  
  93  17:00  Marine x2  
  96  17:02  Marine x2  
  96  17:03  SCV x2  
  100  17:11  SCV  
  100  17:12  Marine x3  
  94  17:27  Marine  
  94  17:28  Marine x2  
  97  17:30  Marauder x2  
  101  17:56  Marine x2  
  101  17:57  Viking  
  101  17:59  Marine x3  
  101  18:00  Marine  
  101  18:02  Viking  
  101  18:03  Marine  
Tags
 
Composition
MMM Bio
Matchup
PvT
Spawn Locations
Cross Positions
Add a new tag
Caveats
  • Supply blocks, unpowered buildings, or Contaminate may cause inaccurate times.
  • Supply counts are checked every 10 seconds.